 Dungeon Crawl Stone Soup version 0.25-a0-63-gbefff83b7c (webtiles) character file.

Game seed: 5483851653857062933, levelgen mode: deterministic

42 Giorno the Cutter (level 3, -7/24 HPs)
             Began as a Vampire Gladiator on Nov 1, 2019.
             Mangled by Sigmund
             ... wielding a +4 scythe of venom
              (14 damage)
             ... on level 2 of the Dungeon.
             The game lasted 00:05:41 (1075 turns).

Giorno the Cutter (Vampire Gladiator)               Turns: 1075, Time: 00:05:41

Health: -7/24      AC:  6    Str: 14    XL:     3   Next: 35%
Magic:  3/3        EV: 12    Int: 10    God:
Gold:   71         SH:  0    Dex: 15    Spells: 2/2 levels left

rFire    . . .     SeeInvis +   a - +0 rapier
rCold    + . .     Gourm    .   (no shield)
rNeg     . . .     Faith    .   k - +0 ring mail {rC+}
rPois    .         Spirit   .   c - +0 helmet
rElec    .         Reflect  .   (no cloak)
rCorr    .         Harm     .   (no gloves)
MR       .....                  (no boots)
Stlth    +.........             (no amulet)
HPRegen  0.28/turn              (no ring)
MPRegen  0.08/turn              (no ring)

@: lethally poisoned (-7 -> -12), regenerating quickly
A: no food, fangs 3, see invisible, [frail 1], unbreathing
a: Exsanguinate


You were on level 2 of the Dungeon.
You were alive.

You visited 1 branch of the dungeon, and saw 2 of its levels.

You collected 71 gold pieces.

Inventory:

Hand Weapons
 a - a +0 rapier (weapon)
Missiles
 d - 3 throwing nets (quivered)
 e - 23 stones
Armour
 b - a +0 leather armour
 c - a +0 helmet (worn)
 k - a +0 ring mail of cold resistance (worn)
Jewellery
 n - a +3 amulet of reflection {unknown}
Scrolls
 h - a scroll of enchant armour {unknown}
 i - 2 scrolls of blinking
 j - a scroll of identify {unknown}
 m - a scroll of remove curse {unknown}
 o - a scroll of enchant weapon {unknown}
Potions
 g - a potion of flight {unknown}
 l - a potion of resistance {unknown}
Comestibles
 f - 5 rations


   Skills:
 * Level 2.0 Fighting
 + Level 4.0 Short Blades
 - Level 1.8 Throwing
 - Level 0.4 Armour
 + Level 3.7 Dodging


You had 2 spell levels left.
You didn't know any spells.
Your spell library was empty.

Dungeon Overview and Level Annotations

Branches:
Dungeon (2/15)

Altars:

Annotations:
D:2 Sigmund


Innate Abilities, Weirdness & Mutations

You do not eat.
Your natural rate of healing is unusually fast.
You have razor-sharp teeth.
You have supernaturally acute eyesight. (SInv)
You can survive without breathing.
[You are frail. (-10% HP)]


Message History

Level annotation: Sigmund Sigmund hits you from afar with a +4 scythe of venom!
You are poisoned.
There is a stone staircase leading up here.
Okay, then.
Keep bloodletting?
You feel sick. Sigmund barely misses you.
You begin bloodletting.
You continue bloodletting.
You feel sick.
You continue bloodletting.
You feel sick. Sigmund barely misses you.
You continue bloodletting.
You feel sick. Sigmund barely misses you.
You continue bloodletting.
You feel sick.
You continue bloodletting.
You feel sick.
Sigmund hits you from afar with a +4 scythe of venom!
Ouch! That really hurt!
You die...

.....#
#.#.##
#....#
#...#
###..######
#.........#
#......@..#
#.........#
#........@#
###########


You could see Sigmund (invisible).

Vanquished Creatures
  A dart slug (D:1)
  3 leopard geckos (D:1)
  A ball python (D:1)
  3 bats (D:1)
  3 hobgoblins (D:1)
  7 jackals (D:1)
  3 kobolds (D:1)
  4 frilled lizards
  5 goblins (D:1)
  3 rats (D:1)
33 creatures vanquished.

Notes
Turn   | Place    | Note
-------+----------+-------------------------------------------
     0 | D:1      | Giorno the Vampire Gladiator began the quest for the Orb.
     0 | D:1      | Reached XP level 1. HP: 16/16 MP: 1/1
   261 | D:1      | Reached XP level 2. HP: 19/19 MP: 2/2
   409 | D:1      | Reached XP level 3. HP: 24/24 MP: 3/3
   504 | D:1      | Reached skill level 4 in Short Blades
  1056 | D:2      | Noticed Sigmund
  1075 | D:2      | Mangled by Sigmund

Levels and vault maps discovered:
D:1:      dpeg_arrival_another_circle, layout_basic, serial_forest,
          infiniplex_forest_straight_3, infiniplex_forest_lined_2,
          infiniplex_forest_straight_2, infiniplex_forest_clump_double,
          infiniplex_forest_straight_4, infiniplex_forest_clump_small,
          infiniplex_forest_pool, infiniplex_forest_join,
          infiniplex_forest_side_room, infiniplex_forest_clump_double,
          minivault_27, minmay_pentomino_o2
D:2:      layout_rooms, first_ration, uniq_sigmund

Skill      XL: |  1  2  3 |
---------------+----------+-----
Short Blades   | 4 |  4.0
Fighting       | 2 |  2.0
Throwing       | |  1.8
Armour         | |  0.4
Dodging        | |  3.7

Action                   || total
-------------------------++-------
Melee: Rapier            ||    84
       Bite              ||     7
Throw: Throwing net      ||     1
 Abil: Exsanguinate      ||     2
       Revivify          ||     1
  Use: Scroll            ||     1
 Stab: Sleeping          ||     1
Armor: Leather armour    ||    27
       Ring mail         ||     3
Dodge: Dodged            ||    62

Table legend:
 A = Non-vault XP
 B = Vault XP
 C = Vault XP percentage of total XP
 D = Non-vault monster count
 E = Vault monster count
 F = Vault count percentage of total count
                 A         B        C        D         E       F
            +---------+---------+-------+---------+---------+-------
      Total |      56 |       5 |   8.2 |      31 |       2 |   6.1
            +---------+---------+-------+---------+---------+-------
        D:1 |      55 |       5 |   8.3 |      30 |       2 |   6.2
        D:2 |       1 |       0 |   0.0 |       1 |       0 |   0.0
            +---------+---------+-------+---------+---------+-------
